 Dungeon Crawl Stone Soup version 0.27-a0-1181-g5f64966fcc (webtiles) character file.

Game seed: 11344285849205730847

1861 leviel the Cleaver (level 8, -4/70 HPs)
             Began as a Minotaur Fighter on May 17, 2021.
             Was an Initiate of Ru.
             Slain by an ogre
             ... wielding a +0 giant club
              (14 damage)
             ... on level 5 of the Dungeon.
             The game lasted 00:06:01 (6480 turns).

leviel the Cleaver (Minotaur Fighter)               Turns: 6480, Time: 00:06:02

Health: -4/70      AC:  9    Str: 23    XL:     8   Next: 89%
Magic:  7/7        EV:  9    Int:  5    God:    Ru [......]
Gold:   260        SH: 10    Dex: 10    Spells: 7/7 levels left

rFire    . . .     SeeInvis .   a - +0 war axe
rCold    . . .     Faith    .   c - +0 kite shield
rNeg     . . .     Spirit   .   b - +0 scale mail
rPois    .         Reflect  .   (helmet restricted)
rElec    .         Harm     .   (no cloak)
rCorr    .         Rampage  .   (no gloves)
Will     .....                  j - +0 pair of boots
Stlth    ..........             (no amulet)
HPRegen  0.21/turn              (no ring)
MPRegen  0.10/turn              (no ring)

@: no status effects
A: horns 2, retaliatory headbutt
a: Renounce Religion


You were on level 5 of the Dungeon.
You worshipped Ru.
Ru was noncommittal.
You visited 2 branches of the dungeon, and saw 7 of its levels.

You collected 260 gold pieces.

Inventory:

Hand Weapons
 a - a +0 war axe (weapon)
Missiles
 d - a curare-tipped dart (quivered)
Armour
 b - a +0 scale mail (worn)
 c - a +0 kite shield (worn)
 j - a +0 pair of boots (worn)
Jewellery
 o - an amulet of magic regeneration
Wands
 r - a wand of paralysis (8)
Scrolls
 e - a scroll of magic mapping {unknown}
 g - 2 scrolls of vulnerability
 i - a scroll of amnesia {unknown}
 k - a scroll of blinking
 p - a scroll of teleportation
 s - a scroll of fear {unknown}
Potions
 f - a potion of attraction
 h - a potion of lignification
 l - 2 potions of invisibility
 m - a potion of mutation {unknown}
 n - a potion of curing
 q - a potion of heal wounds


   Skills:
 + Level 5.8 Fighting
 * Level 10.4 Axes
 + Level 6.3 Armour
 + Level 2.9 Dodging
 + Level 0.4 Stealth
 + Level 6.1 Shields


You had 7 spell levels left.
You didn't know any spells.
Your spell library contained the following spells:

 Spells                   Type           Power      Damage    Failure   Level
 Magic Dart               Conj           0%         1d3       98%         1
 Blink                    Tloc           N/A        N/A       99%         2
 Call Imp                 Summ           0%         N/A       99%         2
 Searing Ray              Conj           0%         3d3       99%         2
 Slow                     Hex            0%         N/A       99%         2
 Confusing Touch          Hex            0%         N/A       100%        3
 Conjure Flame            Conj/Fire      0%         6-21      100%        3
 Dazzling Flash           Conj/Hex       0%         N/A       100%        3
 Gell's Gravitas          Tloc           0%         N/A       100%        3
 Mephitic Cloud           Conj/Pois/Air  0%         N/A       100%        3
 Fulminant Prism          Conj/Hex       0%         3d6       100%        4
 Iskenderun's Mystic Bla  Conj/Tloc      0%         2d3       100%        4
 Petrify                  Tmut/Erth      0%         N/A       100%        4
 Metabolic Englaciation   Hex/Ice        0%         N/A       100%        5
 Yara's Violent Unravell  Hex/Tmut       0%         3d3       100%        5


Dungeon Overview and Level Annotations

Branches:
Dungeon (6/15)             Temple (1/1) D:4

Altars:
Ashenzari
Cheibriados
Dithmenos
Elyvilon
Fedhas
Gozag
Hepliaklqana
Kikubaaqudgha
Makhleb
Nemelex Xobeh
Okawaru
Qazlal
Ru
Sif Muna
Trog
Uskayaw
Vehumet
Wu Jian
Xom
Yredelemnul
Zin
The Shining One

Annotations:
D:3 1 runed translucent door, Crazy Yiuf


Innate Abilities, Weirdness & Mutations

You have a pair of horns on your head.
You reflexively headbutt those who attack you in melee.


Message History

You barely miss the ogre. Your headbutt misses the ogre.
You block the ogre's attack.
You hit the ogre but do no damage.
The ogre hits you with a +0 giant club!!
You are too injured to fight recklessly!
You are too injured to fight recklessly!
You are too injured to fight recklessly!
You are too injured to fight recklessly!
You are too injured to fight recklessly!
You are too injured to fight recklessly!
You are too injured to fight recklessly!
You are too injured to fight recklessly!
You are too injured to fight recklessly!
You are too injured to fight recklessly!
You are too injured to fight recklessly!
You are too injured to fight recklessly!
You slash the ogre!
The ogre is heavily wounded.
The ogre closely misses you.
You barely miss the ogre.
The ogre is heavily wounded.
The ogre hits you with a +0 giant club!!
* * * LOW HITPOINT WARNING * * *
You hit the ogre. You headbutt the ogre!
The ogre is almost dead.
You block the ogre's attack.
You barely miss the ogre. Your headbutt misses the ogre.
The ogre is almost dead.
You hit the ogre. You headbutt the ogre.
The ogre is almost dead.
The ogre hits you with a +0 giant club.
* * * LOW HITPOINT WARNING * * *
You closely miss the ogre.
You headbutt the ogre, but do no damage.
The ogre is almost dead.
The ogre misses you. You furiously retaliate!
You headbutt the ogre. You closely miss the ogre.
The ogre is almost dead.
The ogre hits you with a +0 giant club!
You die...

#. .# #.# #.#.# #.# #.#
#<... #.# #.# ##... #.# #.#
# .... #.# ##.. ##. #..#
#.# #... #... #..# #.# #.#.
.....#.)########.#######.#.
...?....))@O...............
.....##.#########.######...
#... #)# #.# #... ... ...
#.# #... #. ###.## .#
#.######..( # #.#....
........... .#.#.#
#.######[.. .....## #.#
##.. ##....## ....#


You could see an ogre.

Vanquished Creatures
  Eustachio (D:5)
  A steam dragon (D:6)
  Duvessa (D:5)
  A water moccasin (D:6)
  2 black bears
  An ogre (D:5)
  A centaur (D:6)
  A necrophage (D:4)
  A phantom (D:6)
  A kobold brigand (D:6)
  A bullfrog (D:6)
  A scorpion (D:5)
  Dowan (D:5)
  3 wights (D:6)
  2 bullfrog zombies (D:6)
  An orc priest (D:4)
  A centaur zombie (D:6)
  2 hounds (D:5)
  A jelly (D:5)
  A centaur skeleton (D:6)
  A gnoll shaman (D:5)
  Terence (D:2)
  2 iguanas (D:5)
  An orc wizard (D:5)
  A hound skeleton (D:5)
  Robin (D:3)
  4 gnolls
  7 adders
  2 worms
  3 dart slugs
  9 orcs
  9 endoplasms
  3 giant cockroaches
  18 goblins
  7 hobgoblins
  10 jackals
  12 kobolds
  4 quokkas
  6 ball pythons
  6 bats
  6 rats
138 creatures vanquished.

Vanquished Creatures (others)
  6 plants (D:2)
6 creatures vanquished.

Grand Total: 144 creatures vanquished

Notes
Turn   | Place    | Note
-------+----------+-------------------------------------------
     0 | D:1      | leviel the Minotaur Fighter began the quest for the Orb.
     0 | D:1      | Reached XP level 1. HP: 19/19 MP: 0/0
   326 | D:1      | Reached XP level 2. HP: 21/27 MP: 1/1
   500 | D:1      | Reached skill level 3 in Axes
   788 | D:2      | Noticed Terence
   793 | D:2      | Killed Terence
   794 | D:2      | Reached XP level 3. HP: 8/33 MP: 2/2
  1032 | D:2      | Reached XP level 4. HP: 23/40 MP: 3/3
  1200 | D:2      | Reached skill level 4 in Axes
  1303 | D:2      | Found a faded altar of an unknown god.
  1363 | D:2      | Noticed a black bear
  1385 | D:2      | Killed a black bear
  1386 | D:2      | Reached skill level 5 in Axes
  1386 | D:2      | Reached XP level 5. HP: 25/47 MP: 4/4
  2168 | D:3      | Noticed Robin
  2175 | D:3      | Killed Robin
  2633 | D:3      | Found a runed translucent door.
  2634 | D:3      | Noticed Crazy Yiuf
  2761 | D:3      | Reached XP level 6. HP: 50/53 MP: 5/5
  3188 | D:4      | Reached skill level 6 in Axes
  3516 | D:4      | Reached skill level 1 in Dodging
  3814 | D:4      | Found a staircase to the Ecumenical Temple.
  4186 | Temple   | Entered the Ecumenical Temple
  4350 | Temple   | Became a worshipper of Ru the Awakened
  4677 | D:5      | Entered Level 5 of the Dungeon
  4689 | D:5      | Reached XP level 7. HP: 55/60 MP: 6/6
  4774 | D:5      | Reached skill level 5 in Fighting
  4774 | D:5      | Reached skill level 7 in Axes
  4774 | D:5      | Reached skill level 5 in Armour
  4806 | D:5      | Noticed Eustachio
  4822 | D:5      | Killed Eustachio
  4823 | D:5      | Reached skill level 5 in Shields
  4932 | D:5      | Reached skill level 8 in Axes
  5340 | D:6      | Noticed a steam dragon
  5353 | D:6      | HP: 2/61 [bullfrog (5)]
  5376 | D:6      | Killed a steam dragon
  5377 | D:6      | Reached XP level 8. HP: 21/68 MP: 7/7
  5725 | D:6      | Reached skill level 9 in Axes
  5735 | D:6      | Found a stormy altar of Qazlal.
  6101 | D:5      | Reached skill level 10 in Axes
  6301 | D:5      | Noticed Duvessa
  6303 | D:5      | Noticed Dowan
  6317 | D:5      | Killed Duvessa
  6331 | D:5      | Killed Dowan
  6480 | D:5      | Slain by an ogre

Illustrated notes

Levels and vault maps discovered:
D:1:      eino_arrival_tree_alley, layout_basic, chequers_garden
D:2:      layout_loops_ring, hellmonk_ecumenical_altar_leap_of_faith,
          minmay_stone_trees_small, serial_bayou_pond_b,
          minmay_increasing_density, uniq_terence
D:3:      layout_loops_ring, uniq_robin, uniq_crazy_yiuf_cottage
D:4:      layout_basic, temple_doors_ab
D:5:      layout_loops_ring, uniq_duvessa, uniq_sigmund, uniq_eustachio
D:6:      layout_loops_ring, kennysheep_mini_moat, minmay_fractal_squares_5
Temple:   kilobyte_greek_temple

Skill      XL: |  1  2  3  4  5  6  7  8 |
---------------+-------------------------+-----
Axes           | 3 5 6 8 10 | 10.4
Armour         | 4 5 6 |  6.3
Shields        | 4 5 6 |  6.1
Fighting       | 4 5 |  5.8
Dodging        | 1 2 |  2.9
Stealth        | |  0.4

Action                   |  1- 3 |  4- 6 |  7- 9 || total
-------------------------+-------+-------+-------++-------
Melee: War axe           |    50 |   165 |   167 ||   382
       Headbutt          |     5 |    17 |    33 ||    55
  Use: Potion            |       |       |     3 ||     3
       Scroll            |       |       |    10 ||    10
Armor: Scale mail        |    27 |    99 |    68 ||   194
Dodge: Dodged            |    12 |    58 |    68 ||   138
Block: Kite shield       |    27 |    92 |   121 ||   240

Table legend: (Time is in decaauts)
 A = Elapsed time spent in this place.
 B = Non-inter-level travel time spent in this place.
 C = Inter-level travel time spent in this place.
 D = Time resting spent in this place.
 E = Time spent auto-exploring this place.
 F = Levels seen in this place.
 G = Mean time per level.
                   A        B        C        D        E       F      G
               +--------+--------+--------+--------+--------+-----+--------+
         Total |   6621 |   6158 |    463 |    694 |   4557 |   7 |  945.9 |
       Dungeon |   6412 |   5987 |    425 |    694 |   4392 |   6 | 1068.7 |
        Temple |    208 |    171 |     37 |      0 |    165 |   1 |  208.0 |
               +--------+--------+--------+--------+--------+-----+--------+

Top non-repeatable levels by time:
     D:2: 1439 daAuts
     D:4: 1366 daAuts
     D:3: 1007 daAuts
     D:6: 1003 daAuts
     D:5: 843 daAuts
     D:1: 753 daAuts
  Temple: 208 daAuts
